AoeStats
← viktor_uebelhart

Arabia

510189240Analyzed
1v1 RM · 2d ago on Sep 29, 2026· 50m 28s· 2 players
Game mode
Random Map
Map size
Tiny (2 player)
Population
200
Speed
Normal
Resources
Standard
Victory
Conquest
Starting age
Dark Age
Ending age
Imperial Age
RankedLock teamsTeams togetherTeam positionsShared explorationLock speedFull tech treeHidden civsTurbo modeCheats
Victory
Defeat
🇧🇷 Romans · Brazil
944
+16
🇲🇽 Italians · Mexico
939
-16
Spartak_2406
7:33 Loom
9:48 Feudal Age
17:30 Fletching
23:15 Castle Age
21:37 Padded Archer Armor
23:05 Stone Mining
24:40 Stone Shaft Mining
24:27 Crossbowman
25:28 Leather Archer Armor
28:49 Wheelbarrow
31:47 Bodkin Arrow
49:26 Imperial Age
50:26 Ballistics
viktor_uebelhart
6:50 Loom
9:46 Feudal Age
10:19 Man-at-Arms
15:51 Scale Mail Armor
15:47 Double-Bit Axe
22:25 Castle Age
21:46 Forging
25:34 Long Swordsman
26:33 Chain Mail Armor
26:50 Gold Mining
27:25 Bow Saw
28:06 Iron Casting
29:14 Squires
30:03 Wheelbarrow
38:47 Hand Cart
38:18 Town Watch
41:29 Ballistas
46:36 Imperial Age
46:09 Town Patrol
46:47 Fletching
47:34 Heavy Scorpion
49:57 Blast Furnace
50:16 Legionary
Connection lost

Rejoining the realm…

Still unreachable

The connection could not be restored.

Session expired

The server has moved on; the page needs a fresh start.